 Dungeon Crawl Stone Soup version 0.21-a0-634-gaf8bc5d (webtiles) character file.

60067 mortelune the Impaler (level 14, -5/111 HPs)
             Began as a Merfolk Skald on Dec 30, 2017.
             Was the Champion of the Shining One.
             Killed by divine providence
             ... invoked by Saint Roka
              (8 damage)
             ... on level 1 of the Orcish Mines.
             The game lasted 02:16:02 (27970 turns).

mortelune the Impaler (Merfolk Skald)              Turns: 27970, Time: 02:16:02

Health: -5/111     AC: 14    Str: 23    XL:     14   Next: 97%
Magic:  16/24      EV: 17    Int: 14    God:    the Shining One [******]
Gold:   925        SH: 17    Dex: 13    Spells: 10/26 levels left

rFire    + + .     SeeInvis .   e - +3 trident
rCold    + . .     Gourm    .   S - +2 shield {rF+}
rNeg     + + +     Faith    .   z - +4 ring mail {rC+}
rPois    +         Spirit   .   Z - +2 hat
rElec    .         Reflect  +   q - +1 cloak {rF+}
rCorr    .         Harm     .   x - +0 pair of gloves
MR       ++...                  (no boots)
Stlth    +.........             G - +4 amulet of reflection
HPRegen  0.28/turn              N - ring of protection from magic
MPRegen  0.19/turn              A - ring of the Marlin {rPois Str+8}

@: lethally poisoned (-5 -> -6), infused, berserk cooldown, slowed, glowing,
very slow
A: change form in water, swift swim, stealthy swim
a: Divine Shield, Cleansing Flame, Summon Divine Warrior, Brand Weapon With Holy
Wrath, Renounce Religion


You were on level 1 of the Orcish Mines.
You worshipped the Shining One.
The Shining One was exalted by your worship.
You were not hungry.

You visited 4 branches of the dungeon, and saw 21 of its levels.
You also visited: Ossuary, Bailey and Volcano.

You collected 1779 gold pieces.
You spent 854 gold pieces at shops.

Inventory:

Hand Weapons
 e - a +3 trident (weapon)
Missiles
 b - 44 tomahawks of returning (quivered)
 H - 2 throwing nets
Armour
 q - a +1 cloak of fire resistance (worn)
 s - the +2 shield "Forget-Me-Not" {Int+6}
   (You found it on level 4 of the Lair of Beasts)

   It affects your intelligence (+6).
 x - a +0 pair of gloves (worn)
 z - a +4 ring mail of cold resistance (worn)
 P - the +0 pair of boots "Sysedd" {rF- Regen+ Str+2}
   (You found it on level 8 of the Dungeon)

   It affects your strength (+2).
   It makes you vulnerable to fire.
   It increases your rate of regeneration.
 S - a +2 shield of fire resistance (worn)
 Z - a +2 hat (worn)
Jewellery
 a - an uncursed ring of resist corrosion
 A - the ring of the Marlin (right hand) {rPois Str+8}
   (You found it on level 4 of the Dungeon)

   [ring of poison resistance]

   It affects your strength (+8).
   It protects you from poison.
 C - an uncursed ring of see invisible
 D - an uncursed ring of wizardry
 G - a +4 amulet of reflection (around neck)
 J - an uncursed ring of fire
 N - a ring of protection from magic (left hand)
Wands
 j - a wand of polymorph (20)
 t - a wand of paralysis (19)
 y - a wand of acid (21)
 B - a wand of enslavement (34)
 M - a wand of flame (39)
Scrolls
 c - a scroll of enchant armour
 f - 4 scrolls of fear
 g - 7 scrolls of teleportation
 h - 5 scrolls of summoning
 k - a scroll of fog
 l - 9 scrolls of remove curse
 n - 6 scrolls of amnesia
 o - a scroll of blinking
 r - 6 scrolls of identify
 w - 3 scrolls of magic mapping
 K - a scroll of silence
 T - 6 scrolls of enchant weapon
 U - a scroll of torment
Potions
 m - 4 potions of cancellation
 p - 2 potions of mutation
 u - 3 potions of flight
 v - 6 potions of curing
 E - 3 potions of lignification
 I - 3 potions of ambrosia
 L - a potion of might
 O - 5 potions of agility
 Q - 2 potions of berserk rage
 R - 2 potions of resistance
 X - 5 potions of haste
 Y - a potion of magic
Comestibles
 d - 19 rations


   Skills:
 + Level 10.8 Fighting
 - Level 16.0 Polearms
 - Level 1.8 Throwing
 - Level 0.6 Armour
 + Level 12.8 Dodging
 * Level 8.4 Shields
 + Level 6.9 Spellcasting
 - Level 4.8 Hexes
 - Level 11.6 Charms
 + Level 5.1 Translocations
 + Level 9.0 Invocations


You had 10 spell levels left.
You knew the following spells:

 Your Spells              Type           Power        Failure   Level  Hunger
a - Infusion              Chrm           ####         1%          1    None
b - Song of Slaying       Chrm           #####...     1%          2    #......
c - Shroud of Golubria    Chrm/Tloc      ####......   2%          2    #......
d - Spectral Weapon       Hex/Chrm       ####....     5%          3    ##.....
e - Blink                 Tloc           N/A          10%         2    #......
f - Tukima's Dance        Hex            ###.....     22%         3    ##.....
g - Confuse               Hex            ###.....     22%         3    ##.....


Dungeon Overview and Level Annotations

Branches:
Dungeon (12/15)            Temple (1/1) D:5            Lair (6/6) D:9
  Swamp (0/4) Lair:3       Spider (0/4) Lair:3        Slime (0/5) Lair:6
    Orc (2/2) D:12
    Elf: Orc:2

Altars:
Ashenzari
Cheibriados
Dithmenos
Fedhas
Gozag
Hepliaklqana
Kikubaaqudgha
Makhleb
Nemelex Xobeh
Okawaru
Qazlal
Ru
Sif Muna
Trog
Uskayaw
Vehumet
Wu Jian
Xom
Yredelemnul
Zin
The Shining One

Shops:
D:4 [   D:5 ?   D:10 %

Annotations:
D:3 Daviar's ghost, amateur NaBe
D:5 a faire
D:12 rock wall a peter
Lair:1 parchemins+gold, exclusion: 4 oklob plants
Lair:6 exclusion: 2 oklob plants
Orc:1 Saint Roka


Message History

* * * LOW HITPOINT WARNING * * *
The ogre hits your spectral weapon with a giant club!
Your spectral weapon shares its damage with you!
Your spectral weapon fades away.
* * * LOW HITPOINT WARNING * * *
You feel a strong urge to attack something.
Saint Roka hits you with a war axe of venom!
The Shining One protects you from harm!
You climb upwards.
There is a stone staircase leading down, spattered with blood here.
Items here: )) [ † a plate armour; a battleaxe; a club; an orc corpse You feel your anger nearly subside.
You are no longer berserk.
You are exhausted.
You feel yourself slow down.
Items here: ))) [[[ You feel sick.
Saint Roka mumbles some strange prayers to Beogh against you.
Beogh smites you!
You die...

##.#.....###...##.#..##
####...#....#.##.###.##..##
#.#.#.###.......(^#.......##
......#.#...#..............#
#.#........##..............##
#####.#.....................#
####...................##
##..................###
###......#...@)........#
##.##.#..#...)[[(.###..##
#...##........><.......##
##...##......[o)........#
##...##...............##
##^.#...............##
##......##......#..#####
#...#..###..........##.##
##......###.............#


You could see Saint Roka.

Vanquished Creatures
  Frances (D:11)
  A stone giant (Orc:1)
  A red draconian (Volcano)
  A fire dragon (Lair:6)
  Josephine (D:12)
  Harold (Lair:1)
  4 hydras
  An ogre mage (Volcano)
  7 two-headed ogres
  The ghost of Daviar the Spear-Bearer, a novice NaBe of Trog (D:10)
  A fire crab (Lair:6)
  An unseen horror (D:12)
  An orc knight (Bailey)
  A manticore (D:12)
  2 deep elf magi (D:9)
  An orc sorcerer (Orc:1)
  16 elephants
  A torpor snail (Lair:6)
  Joseph (D:7)
  2 molten gargoyles (Lair:6)
  5 black mambas
  The ghost of mortelune the Poker, a novice MfSk of Yredelemnul (D:5)
  10 spiny frogs
  5 rime drakes
  9 komodo dragons
  2 trolls (D:9)
  3 polar bears
  The ghost of bappy the Poker, an amateur DsMo of Okawaru (D:6)
  7 blink frogs
  4 dream sheep (Lair:6)
  5 hippogriffs
  Sigmund (D:5)
  2 redbacks (Lair:3)
  2 spriggans (Lair:4)
  4 wyverns
  5 wraiths (D:12)
  A vampire (D:10)
  A human (D:7)
  30 yaks
  3 hogs (D:7)
  8 basilisks
  2 hungry ghosts (D:12)
  5 vampire mosquitoes
  2 steam dragons (Lair:6)
  Edmund (D:5)
  11 water moccasins
  4 hell hounds (Lair:6)
  6 porcupines
  2 ice beasts
  14 orc warriors
  7 sky beasts
  2 black bears
  5 necrophages
  20 wolves
  9 ogres
  A phantom (D:7)
  10 centaurs
  6 crocodiles
  3 big kobolds
  Blork the orc (D:4)
  18 bullfrogs
  A gnoll sergeant (D:8)
  3 scorpions
  A water moccasin skeleton (D:6)
  3 wyvern skeletons
  2 electric eels (D:9)
  18 wights
  6 howler monkeys
  5 crimson imps
  5 lava snakes (Lair:6)
  A centaur zombie (D:11)
  8 hounds
  A jelly (D:10)
  An iron imp (D:9)
  12 orc wizards
  Crazy Yiuf (D:5)
  A bullfrog zombie (D:11)
  9 orc priests
  4 centaur skeletons
  5 iguanas
  Jessica (D:3)
  3 bullfrog skeletons
  2 worker ants
  Ijyb (D:4)
  3 big kobold zombies (Ossuary)
  A hound zombie (D:10)
  A hound skeleton (D:6)
  4 mummies
  2 howler monkey skeletons
  2 worker ant zombies
  11 gnolls
  9 adders
  A shadow imp (D:9)
  A white imp (D:9)
  4 adder zombies
  2 adder skeletons
  4 worms
  3 leopard geckos
  70 orcs
  3 giant cockroaches (D:3)
  A gnoll zombie (Ossuary)
  8 hobgoblins
  6 quokkas
  2 ball pythons
  7 bats
  2 frilled lizards (D:3)
  12 goblins
  7 hobgoblin zombies (Ossuary)
  A jackal skeleton (D:4)
  33 kobolds
  4 kobold zombies (Ossuary)
  A leopard gecko skeleton (D:8)
  A leopard gecko zombie (D:8)
  3 orc zombies (Ossuary)
  A quokka skeleton (D:5)
  A quokka zombie (D:6)
  6 rats
595 creatures vanquished.

Vanquished Creatures (others)
  A deep elf mage (D:12)
  A blink frog (Lair:6)
  A swamp drake (D:9)
  A centaur (D:12)
  An orc priest (Orc:1)
  2 orcs (D:9)
  A bush (Lair:6)
  12 fungi (Lair:6)
  63 plants
  22 spectral weapons
105 creatures vanquished.

Grand Total: 700 creatures vanquished

Notes
Turn   | Place    | Note
-------+----------+-------------------------------------------
     0 | D:1      | mortelune the Merfolk Skald began the quest for the Orb.
     0 | D:1      | Reached XP level 1. HP: 16/16 MP: 3/3
   413 | D:1      | Reached XP level 2. HP: 23/23 MP: 5/5
   517 | D:1      | Learned a level 2 spell: Song of Slaying
   520 | D:1      | Learned a level 2 spell: Shroud of Golubria
  1237 | D:2      | Reached XP level 3. HP: 19/28 MP: 0/6
  1432 | D:2      | Reached skill level 4 in Polearms
  2442 | D:3      | Noticed Jessica
  2452 | D:3      | Killed Jessica
  2452 | D:3      | Reached skill level 1 in Shields
  2452 | D:3      | Reached XP level 4. HP: 15/34 MP: 0/7
  2521 | D:3      | Noticed Daviar's ghost (amateur NaBe)
  3489 | D:4      | Reached XP level 5. HP: 33/40 MP: 1/8
  3516 | D:4      | Reached skill level 5 in Polearms
  4482 | D:4      | Got a bound granite ring
  4483 | D:4      | Identified the ring of the Marlin {rPois Str+8} (You found it on level 4 of the Dungeon)
  4583 | D:4      | Found Girror's Antique Armour Shop.
  4598 | D:4      | Bought a cloak for 99 gold pieces
  4677 | D:4      | Reached XP level 6. HP: 47/47 MP: 5/9
  4852 | D:5      | Entered Level 5 of the Dungeon
  4968 | D:5      | Found a staircase to the Ecumenical Temple.
  4974 | Temple   | Entered the Ecumenical Temple
  5227 | Temple   | Became a worshipper of the Shining One
  5276 | D:5      | Noticed mortelune's ghost (novice MfSk)
  5605 | D:5      | Found a runed door.
  5641 | D:5      | Found Leuce's Magic Scroll Emporium.
  5646 | D:5      | Noticed Ijyb
  5833 | D:5      | Noticed Blork the orc
  6181 | D:3      | Reached skill level 6 in Polearms
  6530 | D:4      | Killed Blork the orc
  6716 | D:5      | Noticed a sky beast
  6737 | D:5      | Killed a sky beast
  6737 | D:5      | Reached XP level 7. HP: 19/53 MP: 4/10
  7087 | D:5      | Bought a scroll of teleportation for 42 gold pieces
  7268 | D:5      | Noticed Sigmund
  7311 | D:4      | Killed Ijyb
  7470 | D:6      | Reached skill level 7 in Polearms
  7578 | D:6      | Found a shadowy altar of Dithmenos.
  7578 | D:6      | Found a basalt altar of Yredelemnul.
  7579 | D:6      | Found a deep blue altar of Sif Muna.
  7597 | D:6      | Found an opulent altar of Gozag.
  7689 | D:6      | Noticed bappy's ghost (amateur DsMo)
  7907 | D:5      | Found a burning altar of Makhleb.
  8044 | D:6      | Reached * piety under the Shining One
  8062 | D:6      | Reached skill level 5 in Dodging
  8062 | D:6      | Reached XP level 8. HP: 34/60 MP: 7/11
  8065 | D:6      | Reached skill level 5 in Charms
  8117 | D:6      | Killed bappy's ghost
  8117 | D:6      | Reached skill level 8 in Polearms
  8551 | D:6      | Learned a level 3 spell: Spectral Weapon
  9107 | D:7      | Reached skill level 9 in Polearms
  9332 | D:7      | Reached skill level 5 in Fighting
  9621 | D:7      | Found a shadowy altar of Dithmenos.
  9707 | D:7      | Noticed Joseph
  9709 | D:7      | Reached XP level 9. HP: 67/68 MP: 12/12
  9753 | D:7      | Killed Joseph
  9753 | D:7      | Reached skill level 10 in Polearms
 10310 | D:7      | Reached skill level 11 in Polearms
 10531 | D:8      | Found an opulent altar of Gozag.
 10562 | D:8      | Found a sand-covered staircase.
 10567 | Ossuary  | Entered an ossuary
 10584 | Ossuary  | Reached ** piety under the Shining One
 10710 | Ossuary  | Reached *** piety under the Shining One
 10939 | D:8      | Got a pair of scorched boots
 10950 | D:8      | Identified the +0 pair of boots "Sysedd" {rF- Regen+ Str+2} (You found it on level 8 of the Dungeon)
 10988 | D:8      | Learned a level 2 spell: Blink
 11046 | D:8      | Reached **** piety under the Shining One
 11060 | D:8      | Reached XP level 10. HP: 60/77 MP: 5/13
 11077 | D:8      | Reached skill level 1 in Invocations
 11322 | D:9      | Reached skill level 1 in Translocations
 11494 | D:9      | Reached skill level 12 in Polearms
 12039 | D:5      | Noticed Crazy Yiuf
 12044 | D:5      | Killed Crazy Yiuf
 12094 | D:5      | Killed Sigmund
 12105 | D:5      | Killed mortelune's ghost
 12137 | D:5      | Noticed Edmund
 12155 | D:5      | Killed Edmund
 12762 | D:9      | Found a staircase to the Lair.
 13705 | D:9      | Noticed a deep elf mage
 13725 | D:9      | Killed a deep elf mage
 13725 | D:9      | Reached XP level 11. HP: 84/84 MP: 12/14
 13775 | D:9      | Noticed a deep elf mage
 13795 | D:9      | Killed a deep elf mage
 13795 | D:9      | Reached skill level 13 in Polearms
 13994 | D:10     | Entered Level 10 of the Dungeon
 14095 | D:10     | Noticed Daviar's ghost (novice NaBe)
 14129 | D:10     | Killed Daviar's ghost
 14129 | D:10     | Reached skill level 10 in Charms
 14368 | D:10     | Identified the Collected Works on Snow
 14452 | D:10     | Noticed a two-headed ogre
 14452 | D:10     | Reached ***** piety under the Shining One
 14459 | D:10     | Killed a two-headed ogre
 14611 | D:10     | Found Gimmah's Food Boutique.
 14742 | D:11     | Found a flagged portal.
 14756 | Bailey   | Entered a bailey
 14761 | Bailey   | Learned a level 3 spell: Tukima's Dance
 15147 | Bailey   | Noticed an orc knight
 15148 | Bailey   | Found a burning altar of Makhleb.
 15195 | Bailey   | Killed an orc knight
 16166 | D:11     | Reached skill level 14 in Polearms
 16166 | D:11     | Reached skill level 1 in Hexes
 16608 | D:12     | Noticed an unseen horror
 16613 | D:12     | Noticed a deep elf mage
 16619 | D:12     | Killed a deep elf mage
 16619 | D:12     | Reached skill level 5 in Invocations
 16619 | D:12     | Reached XP level 12. HP: 46/92 MP: 9/16
 16692 | D:12     | Reached skill level 10 in Dodging
 16819 | D:12     | Noticed a five-headed hydra
 16831 | D:12     | Killed a five-headed hydra
 16835 | D:12     | Found a staircase to the Orcish Mines.
 17106 | D:12     | Noticed Frances
 17158 | D:11     | Noticed a sun demon
 17163 | D:11     | Killed Frances
 17163 | D:11     | Reached skill level 15 in Polearms
 17299 | D:12     | Noticed Josephine
 17299 | D:12     | Reached ****** piety under the Shining One
 17316 | D:12     | Killed Josephine
 17494 | D:12     | Learned a level 3 spell: Confuse
 17501 | D:12     | Got a brightly glowing plate armour
 17512 | D:12     | Identified the +5 plate armour of the Tarantula {rPois rC+++ Str+2 Int-5} (You found it on level 12 of the Dungeon)
 17696 | Orc:1    | Entered Level 1 of the Orcish Mines
 17696 | Orc:1    | Noticed a two-headed ogre
 17707 | D:12     | Killed a two-headed ogre
 17912 | D:4      | Bought a pair of dazzling gloves for 209 gold pieces
 17922 | D:4      | Identified the cursed -1 pair of gloves of the Forest {*Slow rPois rF++ Dex+4} (You bought it in a shop on level 4 of the Dungeon)
 17989 | D:5      | Bought a scroll of enchant armour for 105 gold pieces
 17989 | D:5      | Bought 3 scrolls of summoning for 399 gold pieces
 18273 | Lair:1   | Entered Level 1 of the Lair of Beasts
 18292 | Lair:1   | Reached XP level 13. HP: 85/101 MP: 16/19
 18366 | Lair:1   | Noticed Harold
 18369 | Lair:1   | Found a dark tunnel.
 18391 | Lair:1   | Killed Harold
 18424 | Volcano  | Entered a volcano
 18584 | Volcano  | Reached skill level 16 in Polearms
 19084 | Volcano  | Reached skill level 1 in Throwing
 19086 | Volcano  | Noticed a red draconian
 19100 | Volcano  | Killed a red draconian
 19100 | Volcano  | Reached skill level 5 in Spellcasting
 21025 | Lair:3   | Reached skill level 5 in Shields
 21039 | Lair:3   | Found a hole to the Spider Nest.
 21592 | Lair:3   | Found a staircase to the Swamp.
 22028 | Lair:4   | Got a scorched shield
 22029 | Lair:4   | Identified the +2 shield "Forget-Me-Not" {Int+6} (You found it on level 4 of the Lair of Beasts)
 22973 | Lair:5   | Reached XP level 14. HP: 109/109 MP: 22/22
 22997 | Lair:5   | Reached skill level 10 in Fighting
 23806 | Lair:6   | Entered Level 6 of the Lair of Beasts
 23902 | Lair:6   | Found a staircase to the Slime Pits.
 25045 | Lair:6   | Got a clouded golden ring
 25047 | Lair:6   | Identified the ring "Koireykh" {*Tele rF+++ Dex+2} (You found it on level 6 of the Lair of Beasts)
 26105 | Lair:6   | Found a large runed door.
 26106 | Lair:6   | Found a large runed door.
 26145 | Lair:6   | Reached skill level 5 in Translocations
 26726 | Orc:1    | Noticed a stone giant
 26734 | Orc:1    | Killed a stone giant
 26949 | Orc:2    | Entered Level 2 of the Orcish Mines
 26949 | Orc:2    | Noticed Saint Roka
 27966 | Orc:2    | HP: 6/166 [Saint Roka/war axe of venom (6)]
 27967 | Orc:2    | The Shining One protects you from harm!
 27970 | Orc:1    | Killed from afar by Saint Roka

Vault maps used:
D:1:      dpeg_arrival_concentric_ovals, minmay_misc_feat_room,
          hangedman_glass_garden, wad_floor_pattern_untrapped,
          serial_bayou_pond_e
D:3:      st_stairs_4, uniq_jessica
D:4:      serial_shops, nicolae_shop_window_shopping, first_ration,
          minmay_misc_feat_diagonals
D:5:      kennysheep_little_box, minmay_temple_entry_fiery, serial_shops, shop,
          sigmund_edmund_badplayer, uniq_blork_the_orc, uniq_edmund,
          uniq_crazy_yiuf_cottage, uniq_ijyb
D:6:      nicolae_overflow_quartered_altars
D:7:      grunt_livestock, nicolae_dithmenos_the_darkroom, uniq_joseph
D:8:      enter_ossuary_2, grunt_gozag_statues
D:9:      erik_lair_island, hangedman_minor_magic
D:10:     serial_shops, nicolae_shop_window_shopping
D:11:     lightli_bailey_entry_fortress, serial_undead, serial_undead_d,
          serial_undead_a, serial_undead_c, serial_undead_a, serial_undead_d,
          serial_undead_d
D:12:     david_orc_2, due_unseen_surprise, uniq_frances, uniq_josephine
Temple:   bh_familiar_temple
Lair:1:   nicolae_volcano_entry_lava_flow, portal_ice_cave_rime,
          serial_bayou_shore_b, infiniplex_staircase_pool_2,
          minmay_lair_oklob_chamber, lemuel_fruit_tree, lemuel_fruit_fields,
          lemuel_fruit_fields, lemuel_fruit_fields, uniq_harold
Lair:3:   minmay_swamp_entry_worms, spider_nest_entry_a,
          small_statue_intersection, eino_small_chamber_without_monster
Lair:4:   forest_entry_grove
Lair:6:   cheibrodos_lair_end_hotspot, minmay_slime_entry_oklob_open,
          serial_bayou_lagoon_a, patterned_corridor
Orc:2:    pubby_orc_utopia, uniq_saint_roka
Ossuary:  ossuary_tomb_2
Bailey:   bailey_axe_3, bailey
Volcano:  volcano_pools

Skill      XL: |  1  2  3  4  5  6  7  8  9 10 11 12 13 14 |
---------------+-------------------------------------------+-----
Dodging        | 3 4 5 6 7 8 9 10 11 12 | 12.8
Polearms       | 4 5 6 7 9 11 12 14 15 16 | 16.0
Shields        | 1 2 3 4 6 8 |  8.4
Charms         | 4 6 8 9 10 11 | 11.6
Fighting       | 3 4 5 6 7 8 9 10 | 10.8
Invocations    | 3 5 6 7 9 |  9.0
Translocations | 2 3 5 |  5.1
Hexes          | 1 3 4 |  4.8
Spellcasting   | 4 5 6 |  6.9
Throwing       | 1 |  1.8
Armour         | |  0.6

Action                   |  1- 3 |  4- 6 |  7- 9 | 10-12 | 13-15 || total
-------------------------+-------+-------+-------+-------+-------++-------
Melee: Spear             |   125 |   287 |   436 |       |       ||   848
       Trident           |       |       |   181 |   785 |   955 ||  1921
       Tailslap          |       |       |       |       |     3 ||     3
Throw: Stone             |     8 |       |       |     8 |       ||    16
       Tomahawk          |       |       |       |     9 |       ||     9
 Cast: Infusion          |     8 |    13 |     5 |     4 |    10 ||    40
       Shroud of Golubri |     4 |    12 |    11 |    18 |    31 ||    76
       Song of Slaying   |     2 |     2 |     7 |    15 |    10 ||    36
       Spectral Weapon   |       |       |     8 |    30 |    42 ||    80
Invok: Divine Shield     |       |       |       |     4 |       ||     4
Evoke: Wand              |       |       |       |    12 |     2 ||    14
  Use: Scroll            |     4 |     2 |     1 |    17 |    11 ||    35
       Potion            |       |       |     4 |     6 |     5 ||    15
  Eat: Chunk             |     5 |    12 |     4 |    25 |    22 ||    68
       Ration            |       |     1 |     4 |     3 |     3 ||    11
Armor: Leather armour    |    37 |    69 |    61 |       |       ||   167
       Ring mail         |       |       |    40 |   173 |   159 ||   372
Dodge: Dodged            |    74 |   171 |   329 |   625 |   344 ||  1543
Block: Buckler           |     7 |    44 |   114 |   279 |    11 ||   455
       Reflection        |       |       |       |    13 |    15 ||    28
       Shield            |       |       |       |       |   674 ||   674

Table legend:
 A = Spawn XP
 B = Non-spawn XP
 C = Spawn XP percentage of total XP
 D = Spawn monster count
 E = Non-spawn monster count
 F = Spawn count percentage of total count
 G = Total turns spent on level
                    A         B        C        D         E        F      G
               +---------+---------+-------+---------+---------+-------+---------
         Total |       0 |   85810 |   0.0 |       0 |     598 |   0.0 | 27970
               +---------+---------+-------+---------+---------+-------+---------
           D:1 |       0 |      20 |   0.0 |       0 |      12 |   0.0 |   943
           D:2 |       0 |      19 |   0.0 |       0 |       6 |   0.0 |   979
           D:3 |       0 |     174 |   0.0 |       0 |      29 |   0.0 |  1938
           D:4 |       0 |     381 |   0.0 |       0 |      21 |   0.0 |  2613
           D:5 |       0 |    1157 |   0.0 |       0 |      18 |   0.0 |  1500
           D:6 |       0 |     937 |   0.0 |       0 |      17 |   0.0 |  1842
           D:7 |       0 |    2254 |   0.0 |       0 |      22 |   0.0 |  1214
           D:8 |       0 |     894 |   0.0 |       0 |      23 |   0.0 |   699
           D:9 |       0 |    4397 |   0.0 |       0 |      50 |   0.0 |  2252
          D:10 |       0 |    3089 |   0.0 |       0 |      27 |   0.0 |   710
          D:11 |       0 |    5546 |   0.0 |       0 |      56 |   0.0 |  1288
          D:12 |       0 |   11141 |   0.0 |       0 |      78 |   0.0 |  1121
        Lair:1 |       0 |    5376 |   0.0 |       0 |      23 |   0.0 |   981
        Lair:2 |       0 |    2521 |   0.0 |       0 |       9 |   0.0 |   808
        Lair:3 |       0 |    5231 |   0.0 |       0 |      22 |   0.0 |   863
        Lair:4 |       0 |    3261 |   0.0 |       0 |      14 |   0.0 |  1210
        Lair:5 |       0 |    7619 |   0.0 |       0 |      24 |   0.0 |  1510
        Lair:6 |       0 |   20883 |   0.0 |       0 |      75 |   0.0 |  2055
         Orc:1 |       0 |    2794 |   0.0 |       0 |      16 |   0.0 |  1218
         Orc:2 |       0 |     287 |   0.0 |       0 |      10 |   0.0 |    58
       Ossuary |       0 |     147 |   0.0 |       0 |      23 |   0.0 |   231
        Bailey |       0 |     981 |   0.0 |       0 |      16 |   0.0 |   740
       Volcano |       0 |    6701 |   0.0 |       0 |       7 |   0.0 |   926
               +---------+---------+-------+---------+---------+-------+---------
